AoeStats
← jekus

Arabia

504705076Analyzed
1v1 RM · 25d ago on Sep 6, 2026· 19m 21s· 2 players
Game mode
Random Map
Map size
Tiny (2 player)
Population
200
Speed
Normal
Resources
Standard
Victory
Conquest
Starting age
Dark Age
Ending age
Imperial Age
RankedLock teamsTeams togetherTeam positionsShared explorationLock speedFull tech treeHidden civsTurbo modeCheats
Victory
Defeat
🇹🇼 Bulgarians · Taiwan
1074
+17
🇷🇺 Slavs · Russia
1096
-17
ARIA_Azure
7:19 Loom
9:36 Feudal Age
12:04 Arson
12:12 Double-Bit Axe
14:22 Fletching
jekus
5:18 Loom
10:38 Feudal Age
11:51 Horse Collar
12:50 Double-Bit Axe
Connection lost

Rejoining the realm…

Still unreachable

The connection could not be restored.

Session expired

The server has moved on; the page needs a fresh start.